 Dungeon Crawl Stone Soup version 0.31.0-32-g396128a36d (webtiles) character file.

Game seed: 7337290646626656656

114 Alphaeus the Ruffian (level 4, 0/29 HPs)
             Began as an Octopode Shapeshifter on Mar 19, 2024.
             Slain by a goblin
             ... wielding a +0 dagger
             ... led by Robin
              (3 damage)
             ... on level 3 of the Dungeon.
             The game lasted 00:02:09 (1915 turns).

Alphaeus the Ruffian (Octopode Shapeshifter)        Turns: 1915, Time: 00:02:10

Health: 0/29       AC:  1    Str: 15    XL:     4   Next: 98%
Magic:  4/4        EV: 13    Int: 18    God:
Gold:   179        SH:  0    Dex: 11    Spells: 3/3 levels left

rFire   . .          .
                       - Unarmed
rCold   . . .        (no shield)
rNeg    . . .        (helmet currently unavailable)
rPois   +            (no amulet)
rElec   .            d - +6 ring of intelligence
rCorr   .            q - ring of poison resistance
SInv    .            (no ring)
Will    .....        (no ring)
Stlth   ++           (no ring)
HPRegen 0.24/turn    (no ring)
MPRegen 0.09/turn    (no ring)
                     (no ring)

%: no passive effects
@: beast-form
A: beast (slay +2), almost no armour, amphibious, 8 rings, camouflage 1,
gelatinous body 1, (nimble swimmer 1), tentacles
a: Begin Untransformation


You were on level 3 of the Dungeon.
You were a hulking beast.
You visited 1 branch of the dungeon, and saw 3 of its levels.

You collected 179 gold pieces.

Inventory:

Missiles
 a - 2 throwing nets (quivered)
Jewellery
 d - a +6 ring of intelligence (left tentacle)
 q - a ring of poison resistance (right tentacle)
 t - a ring of protection from cold
Talismans
 b - a beast talisman
 c - a flux talisman
 n - a maw talisman
 u - a blade talisman
Scrolls
 f - a scroll of blinking {unknown}
 g - a scroll of identify {unknown}
 h - 2 scrolls of amnesia {unknown}
 i - a scroll of vulnerability {unknown}
 j - a scroll of fear {unknown}
 k - a scroll of noise {unknown}
 l - 2 scrolls of enchant weapon {unknown}
 r - 2 scrolls of poison {unknown}
Potions
 e - a potion of might {unknown}
 m - a potion of attraction {unknown}
 o - a potion of mutation {unknown}
 p - a potion of curing {unknown}
 s - a potion of cancellation {unknown}


   Skills:
 + Level 1.9 Fighting
 + Level 2.6 Dodging
 * Level 4.0 Unarmed Combat
 * Level 3.9 Shapeshifting


You had 3 spell levels left.
You didn't know any spells.
Your spell library contained the following spells:

 Spells                   Type           Power      Damage    Failure   Level
 Summon Small Mammal      Summ           0%         N/A       22%         1
 Call Imp                 Summ           0%         N/A       32%         2
 Ensorcelled Hibernation  Hex/Ice        0%         N/A       32%         2
 Sublimation of Blood     Necr           0%         N/A       32%         2
 Call Canine Familiar     Summ           0%         N/A       54%         3
 Passwall                 Erth           0%         N/A       54%         3
 Swiftness                Air            0%         N/A       54%         3
 Summon Blazeheart Golem  Fire/Summ      0%         N/A       91%         4
 Summon Hydra             Summ           0%         N/A       100%        7


Dungeon Overview and Level Annotations

Branches:
Dungeon (3/15)

Altars:
Xom

Annotations:
D:3 2 runed translucent doors, Alphaeus's ghost, amateur MfSh; Robin


Innate Abilities, Weirdness & Mutations

You are a hulking beast.
Your limbs bulge with bestial killing power. (Slay +2)
You cannot wear most types of armour.
You are amphibious.
You can wear up to eight rings at the same time.
Your skin changes colour to match your surroundings (Stealth+).
Your rubbery body absorbs attacks. (AC +1, EV +1)
((You are camouflaged when in or above water. (Stealth+)))
You have tentacles for arms and can constrict up to eight enemies at once.


Message History

You are too injured to fight recklessly!
You are too injured to fight recklessly!
You are too injured to fight recklessly!
You are too injured to fight recklessly!
You are too injured to fight recklessly!
You are too injured to fight recklessly!
You are too injured to fight recklessly!
You are too injured to fight recklessly!
You are too injured to fight recklessly!
You are too injured to fight recklessly!
You are too injured to fight recklessly!
A hobgoblin comes into view.
The goblin shoots a sling bullet.
The sling bullet misses you.
The hobgoblin attacks as it pursues you!
The hobgoblin misses you.
A hobgoblin comes into view.
The goblin barely misses you. Robin throws the goblin at you!
You bludgeon the goblin!
You kill the goblin!
A goblin comes into view. It is wielding a +0 club.
Robin throws the goblin at you! The goblin hits you with a +0 dagger.
Your Unarmed Combat skill increases to level 4!
The goblin shoots a sling bullet.
The sling bullet closely misses you.
The hobgoblin hits you but does no damage.
The goblin hits you with a +0 club. The goblin hits you with a +0 dagger.
* * * LOW HITPOINT WARNING * * *
Robin throws the goblin at you!
* * * LOW HITPOINT WARNING * * *
The goblin misses you.
A hobgoblin comes into view.
Robin roars a battlecry!
The goblins go into a battle-frenzy!
The goblin closely misses you. The goblin barely misses you.
The goblin attacks as it pursues you! The goblin hits you with a +0 dagger.
* * * LOW HITPOINT WARNING * * *
The goblin attacks as it pursues you! The goblin hits you with a +0 dagger.
* * * LOW HITPOINT WARNING * * *
Okay, then.
The goblin attacks as it pursues you! The goblin hits you with a +0 dagger.
You die...

#.......#...# ##.##.
#.......<...#####..#..
#......<#.......).##.#
#.......#....#######.#
#.......#...###......# ###
#.........).###.######
##.~##### ###.##.##.......#
#.#..#..# ##.#..#.|......##
#.!⌠.#..####.g#h#..#.####..##
.)..~+...#....g...##)# ##..##
#..#.+...#.gg....###.# ##..#
.~≈.W#.....g#.)### #.# ##.###
##.≈.#..#..##.## #.# #...#
#~##≈####.....#### #.# ###..
# ## #..)#.....###.## ##.
#.g.#..^^.#....# #.
#.)##.^_^..)...# ##


You could see a hobgoblin (strong) and 3 goblins.

Vanquished Creatures
  4 gnolls (D:2)
  2 adders
  A ribbon worm (D:2)
  2 ball pythons (D:2)
  5 bats
  4 endoplasms
  2 giant cockroaches
  9 goblins
  6 hobgoblins
  3 quokkas
  3 frilled lizards (D:1)
  9 kobolds
  4 rats
54 creatures vanquished.

Notes
Turn   | Place    | Note
-------+----------+-------------------------------------------
     0 | D:1      | Alphaeus the Octopode Shapeshifter began the quest for the
                  | Orb.
     0 | D:1      | Reached XP level 1. HP: 13/13 MP: 1/1
   144 | D:1      | Reached XP level 2. HP: 11/18 MP: 2/2
   563 | D:1      | Reached XP level 3. HP: 23/23 MP: 3/3
  1155 | D:2      | You fall into a shaft and drop 1 floor!
  1186 | D:3      | Found a shimmering altar of Xom.
  1298 | D:2      | Reached XP level 4. HP: 22/28 MP: 4/4
  1889 | D:3      | Found a large runed translucent door.
  1889 | D:3      | Found a large runed translucent door.
  1892 | D:3      | Noticed Alphaeus's ghost (amateur MfSh)
  1903 | D:3      | Noticed Robin
  1908 | D:3      | Reached skill level 4 in Unarmed Combat
  1915 | D:3      | Slain by a goblin

Illustrated notes

Levels and vault maps discovered:
D:1:      dpeg_arrival_three_same_balls, layout_basic
D:2:      layout_basic, hex_large
D:3:      layout_rooms, xom_teletrap_fun, nemelex_altar_shiori,
          ebering_ghost_disaster_area, minmay_cupped, uniq_robin

Skill      XL: |  1  2  3  4 |
---------------+-------------+-----
Unarmed Combat | 4 |  4.0
Fighting       | |  1.9
Dodging        | |  2.6
Shapeshifting  | |  3.9

Action                     |  1- 3 |  4- 6 || total
---------------------------+-------+-------++-------
  Melee: Unarmed           |    72 |    30 ||   102
         Constrict         |    18 |     4 ||    22
         Tentacles         |    16 |     1 ||    17
         Punch             |     1 |       ||     1
    Use: Potion            |       |     1 ||     1
   Stab: Sleeping          |     8 |     3 ||    11
 Armour: Skin              |    28 |    30 ||    58
  Dodge: Dodged            |    41 |    17 ||    58
